Map: Eternal Empire LE

Players

Astrea - Winner!

  • Race: Protoss Protoss
  • League: Master
  • Spawn Location: 7:00

Nina

  • Race: Protoss Protoss
  • League: Grandmaster
  • Spawn Location: 1:00

Event: DreamHack SC2 Masters 2020 Fall

VOD

Have the link to the VOD?

Description

Time

  • Played on: Sept. 2, 2020, 6:27 p.m.
  • Length: 19:16

All games in this series

Show
View Real Time Build Order
Export as new Build Order

Astrea Protoss - Winner!

Build Orders: 1 Gate Expand 

Get SALT Encoding   

  12  0:00  Probe  
  13  0:12  Probe  
  14  0:18  Pylon  
  14  0:24  Probe (Chrono Boost)  
  15  0:36  Probe (Chrono Boost)  
  15  0:38  Gateway  
  16  0:44  Probe (Chrono Boost)  
  16  0:48  Assimilator  
  17  0:52  Probe  
  18  1:04  Probe  
  19  1:16  Probe  
  20  1:23  Nexus  
  20  1:30  Nexus  
  20  1:40  Cybernetics Core  
  20  1:43  Probe  
  21  1:49  Assimilator  
  21  1:55  Probe  
  21  1:59  Pylon  
  22  2:08  Probe  
  23  2:14  Stalker (Chrono Boost)  
  23  2:17  Warp Gate (Chrono Boost)  
  23  2:20  Probe  
  26  2:32  Probe  
  26  2:35  Stalker (Chrono Boost)  
  26  2:36  Gateway  
  30  2:44  Probe  
  30  2:48  Shield Battery  
  30  2:50  Probe  
  31  2:56  Probe  
  31  2:58  Sentry  
  34  3:08  Probe  
  34  3:10  Robotics Facility  
  35  3:14  Probe  
  36  3:23  Probe  
  36  3:24  Stalker  
  39  3:31  Probe  
  40  3:34  Shield Battery  
  40  3:40  Pylon  
  40  3:43  Probe  
  40  3:44  Probe, Pylon  
  40  3:48  Shield Battery  
  42  3:55  Immortal (Chrono Boost)  
  46  4:05  Shield Battery  
  46  4:09  Stalker  
  48  4:10  Stalker  
  50  4:17  Pylon  
  50  4:24  Immortal (Chrono Boost)  
  54  4:36  Zealot  
  54  4:37  Zealot  
  57  4:56  Warp Prism (Chrono Boost)  
  57  5:00  Zealot x2  
  47  5:20  Stalker x2  
  39  5:44  Pylon  
  39  5:48  Sentry  
  39  5:49  Stalker  
  39  5:56  Pylon  
  37  6:00  Robotics Facility  
  31  6:26  Sentry  
  31  6:27  Stalker  
  35  6:33  Probe  
  36  6:45  Probe  
  37  6:48  Robotics Bay  
  37  6:50  Gateway  
  37  6:52  Observer (Chrono Boost)  
  38  7:01  Shield Battery  
  38  7:05  Cybernetics Core  
  38  7:07  Adept x2  
  46  7:27  Observer  
  44  7:33  Disruptor (Chrono Boost)  
  39  7:55  Gateway  
  39  8:01  Warp Prism  
  39  8:02  Nexus  
  39  8:04  Pylon  
  41  8:10  Stargate  
  41  8:11  Probe  
  42  8:23  Probe  
  42  8:25  Pylon  
  43  8:31  Shield Battery  
  43  8:34  Sentry  
  45  8:37  Probe  
  46  8:47  Disruptor  
  49  8:53  Probe (Chrono Boost)  
  50  8:57  Observer  
  50  9:05  Probe (Chrono Boost)  
  51  9:11  Phoenix  
  53  9:19  Probe  
  53  9:21  Probe  
  55  9:31  Probe  
  56  9:33  Probe  
  56  9:34  Disruptor  
  61  9:45  Probe (Chrono Boost)  
  61  9:47  Probe (Chrono Boost)  
  62  9:55  Probe (Chrono Boost)  
  62  9:58  Assimilator, Probe (Chrono Boost)  
  64  10:00  Probe (Chrono Boost)  
  65  10:07  Probe  
  65  10:10  Nexus  
  65  10:12  Probe  
  67  10:15  Pylon  
  67  10:20  Disruptor (Chrono Boost)  
  70  10:24  Probe  
  70  10:28  Probe  
  72  10:36  Probe  
  72  10:39  Assimilator  
  72  10:41  Probe  
  74  10:48  Probe  
  74  10:49  Observer  
  75  10:51  Disruptor (Chrono Boost)  
  75  10:53  Probe  
  79  11:00  Shield Battery, Probe  
  79  11:03  Twilight Council  
  80  11:05  Probe  
  81  11:12  Probe  
  81  11:14  Sentry  
  81  11:17  Probe  
  81  11:18  Disruptor (Chrono Boost)  
  85  11:22  Pylon  
  85  11:24  Probe  
  85  11:25  Probe  
  90  11:29  Probe  
  91  11:36  Probe  
  91  11:37  Probe  
  93  11:41  Probe  
  93  11:42  Stalker x3  
  99  11:48  Probe  
  99  11:49  Probe  
  99  11:53  Probe  
  102  12:00  Probe  
  100  12:01  Probe  
  100  12:05  Disruptor  
  102  12:11  Stalker  
  102  12:12  Stalker x2  
  102  12:14  Probe  
  109  12:15  Blink (Chrono Boost)  
  109  12:16  Assimilator  
  109  12:17  Assimilator  
  109  12:18  Pylon x2  
  109  12:26  Probe  
  109  12:39  Adept x3  
  109  12:41  Disruptor  
  118  12:44  Gateway  
  118  12:47  Gateway  
  118  12:56  Forge  
  117  12:59  Gateway  
  117  13:07  Stalker  
  117  13:08  Stalker x2  
  123  13:16  Disruptor  
  125  13:26  Gateway  
  116  13:30  Stalker x2  
  116  13:31  Stalker  
  122  13:35  Assimilator  
  122  13:36  Pylon  
  122  13:39  Pylon  
  122  13:40  Pylon x2  
  116  13:48  Protoss Ground Weapons Level 1 (Chrono Boost)  
  113  13:49  Stalker x2  
  120  13:55  Stalker x3  
  120  13:56  Stalker  
  128  14:04  Observer  
  128  14:08  Probe x3  
  128  14:09  Assimilator  
  129  14:10  Pylon  
  129  14:18  Charge  
  129  14:20  Probe  
  130  14:28  Dark Shrine  
  130  14:30  Probe x2  
  128  14:35  Stalker x6  
  141  14:38  Observer (Chrono Boost)  
  141  14:42  Robotics Facility  
  141  14:56  Observer (Chrono Boost)  
  142  15:16  Nexus  
  142  15:24  Stalker x7  
  156  15:30  Shield Battery, Photon Cannon  
  156  15:38  Shadow Stride (Chrono Boost)  
  156  15:39  Shield Battery, Photon Cannon  
  156  15:45  Pylon  
  156  15:49  Dark Templar x2  
  160  15:50  Dark Templar  
  162  15:59  Observer  
  162  16:06  Shield Battery, Dark Templar x2, Photon Cannon  
  165  16:28  Dark Templar x5  
  175  16:45  Disruptor  
  175  16:46  Disruptor  
  124  17:15  Probe  
  124  17:16  Probe x3  
  124  17:21  Stalker x3  
  124  17:22  Stalker x4  
  142  17:29  Observer  
  142  17:31  Disruptor (Chrono Boost)  
  142  17:34  Assimilator  
  142  17:35  Assimilator  
  145  17:48  Stalker x4  
  149  18:04  Warp Prism (Chrono Boost)  
  149  18:05  Dark Templar  
  151  18:07  Nexus  
  153  18:36  Pylon  
  153  18:39  Nexus, Unknown  
  153  18:42  Pylon  
  153  18:44  Stalker x7  
Show
View Real Time Build Order
Export as new Build Order

Nina Protoss 

Build Orders:  

Get SALT Encoding   

  12  0:00  Probe  
  13  0:12  Probe  
  14  0:17  Pylon  
  14  0:24  Probe (Chrono Boost)  
  15  0:36  Probe (Chrono Boost)  
  15  0:38  Gateway  
  16  0:44  Probe (Chrono Boost)  
  17  0:50  Assimilator  
  17  0:51  Probe  
  17  0:55  Assimilator  
  18  1:03  Probe (Chrono Boost)  
  19  1:12  Probe (Chrono Boost)  
  19  1:13  Gateway  
  19  1:17  Probe (Chrono Boost)  
  20  1:25  Cybernetics Core  
  21  1:29  Probe  
  22  1:41  Probe  
  22  1:46  Pylon  
  23  2:04  Stalker x2  
  23  2:06  Robotics Facility  
  23  2:07  Warp Gate (Chrono Boost)  
  27  2:33  Stalker  
  27  2:34  Stalker  
  31  2:40  Gateway  
  31  2:48  Pylon  
  31  2:59  Pylon  
  31  3:03  Pylon  
  30  3:17  Immortal  
  30  3:18  Probe  
  35  3:32  Probe  
  36  3:45  Pylon  
  36  3:48  Stalker  
  36  3:49  Stalker x2  
  42  4:02  Warp Prism (Chrono Boost)  
  44  4:12  Sentry x3  
  50  4:22  Pylon  
  50  4:38  Adept x2  
  54  4:41  Adept  
  56  5:04  Adept x3  
  52  5:21  Immortal  
  52  5:26  Sentry  
  52  5:27  Adept  
  58  5:34  Adept  
  58  5:38  Probe  
  55  5:53  Sentry  
  57  6:08  Warp Prism  
  49  6:31  Nexus  
  47  6:33  Probe  
  47  6:34  Robotics Bay  
  48  6:44  Stalker  
  48  6:45  Probe  
  51  6:48  Observer  
  51  6:50  Stalker  
  54  7:00  Stalker  
  56  7:05  Probe  
  57  7:11  Pylon  
  57  7:28  Probe  
  59  7:45  Probe  
  59  7:46  Probe  
  60  7:52  Observer (Chrono Boost)  
  60  7:57  Robotics Facility, Stalker x2, Probe  
  60  8:00  Stalker  
  63  8:05  Probe  
  63  8:06  Pylon  
  63  8:08  Observer (Chrono Boost)  
  63  8:10  Probe  
  65  8:18  Probe  
  66  8:22  Probe  
  67  8:27  Shield Battery  
  67  8:30  Probe  
  68  8:34  Probe  
  68  8:36  Observer  
  69  8:43  Probe  
  69  8:46  Probe  
  69  8:47  Disruptor (Chrono Boost)  
  74  8:49  Observer  
  74  8:55  Probe  
  75  8:58  Probe  
  75  9:02  Twilight Council  
  76  9:07  Zealot, Probe  
  79  9:10  Probe  
  80  9:18  Assimilator  
  80  9:20  Assimilator  
  80  9:21  Disruptor  
  83  9:32  Pylon  
  83  9:36  Phoenix  
  83  9:37  Phoenix, Pylon  
  83  9:41  Pylon  
  83  9:44  Pylon  
  83  9:45  Blink (Chrono Boost)  
  83  10:00  Gateway  
  83  10:06  Disruptor (Chrono Boost)  
  86  10:09  Nexus  
  86  10:13  Pylon  
  86  10:18  Stalker  
  86  10:21  Observer  
  88  10:24  Stalker  
  90  10:29  Stalker  
  92  10:45  Stalker  
  94  10:50  Stalker  
  94  10:51  Disruptor (Chrono Boost)  
  94  10:53  Gateway  
  99  11:03  Stalker x2  
  103  11:09  Stalker  
  105  11:16  Stalker  
  107  11:19  Probe  
  108  11:27  Forge  
  108  11:28  Stalker  
  108  11:29  Stalker  
  112  11:38  Disruptor  
  114  11:43  Disruptor  
  117  11:52  Probe  
  102  12:04  Probe  
  103  12:12  Stalker x2  
  103  12:15  Stalker x3  
  113  12:19  Observer, Probe  
  113  12:20  Probe  
  113  12:32  Probe  
  113  12:35  Disruptor  
  113  12:37  Stalker x2  
  119  12:40  Stalker  
  119  12:41  Probe  
  119  12:42  Probe  
  125  12:47  Stalker  
  127  12:52  Probe, Stalker  
  130  13:03  Observer  
  130  13:04  Stalker x2  
  128  13:07  Probe  
  128  13:12  Probe  
  126  13:16  Stalker x2  
  126  13:17  Probe  
  128  13:23  Stalker  
  115  13:27  Probe  
  115  13:30  Stalker  
  115  13:32  Probe  
  116  13:42  Disruptor  
  116  13:47  Probe  
  118  13:54  Disruptor  
  121  13:57  Probe  
  121  14:01  Probe x2  
  125  14:10  Probe  
  125  14:12  Photon Cannon  
  125  14:13  Probe x2  
  127  14:18  Disruptor  
  127  14:22  Probe  
  129  14:25  Probe x2  
  131  14:34  Probe  
  131  14:35  Pylon  
  131  14:37  Probe  
  133  14:40  Photon Cannon  
  133  14:41  Photon Cannon  
  133  14:53  Disruptor, Probe x3  
  139  15:05  Probe x3  
  141  15:19  Probe  
  141  15:22  Assimilator  
  141  15:23  Assimilator  
  139  15:30  Pylon  
  139  15:31  Disruptor (Chrono Boost)  
  139  15:33  Pylon  
  139  15:36  Robotics Facility  
  139  15:40  Pylon  
  139  15:44  Robotics Facility  
  139  15:45  Nexus  
  139  15:49  Photon Cannon  
  139  15:52  Pylon  
  139  16:00  Stalker x3  
  139  16:01  Stalker x2  
  139  16:03  Disruptor (Chrono Boost)  
  152  16:10  Dark Shrine  
  152  16:13  Probe  
  153  16:18  Probe x2  
  153  16:21  Photon Cannon  
  154  16:31  Disruptor  
  154  16:42  Disruptor  
  155  16:47  Probe  
  155  16:52  Stalker  
  156  17:00  Stalker x2  
  143  17:07  Disruptor, Probe  
  130  17:16  Photon Cannon  
  130  17:20  Photon Cannon  
  130  17:31  Dark Templar x2  
  132  17:39  Nexus  
  132  17:40  Zealot x3  
  130  17:52  Disruptor (Chrono Boost)  
  130  17:55  Photon Cannon  
  133  18:03  Photon Cannon  
  133  18:09  Disruptor (Chrono Boost)  
  136  18:14  Nexus  
  136  18:16  Observer  
  132  18:26  Pylon  
  132  18:28  Observer (Chrono Boost)  
  133  18:42  Stalker x4  
  141  18:49  Photon Cannon  
  141  18:51  Shield Battery  
  141  18:54  Photon Cannon  
  97  19:10  Stalker x5  

Tags
 
Add a new tag
Caveats
  • Supply blocks, unpowered buildings, or Contaminate may cause inaccurate times.
  • Supply counts are checked every 10 seconds.